 Dungeon Crawl Stone Soup version 0.27.1-3-gb3d3a73c9e (webtiles) character file.

Game seed: 16405931292932064379

105 CuBeRJAN3 the Skirmisher (level 4, 0/30 HPs)
             Began as a Gargoyle Fighter on Oct 7, 2021.
             Killed by divine providence
             ... invoked by an orc priest
              (16 damage)
             ... on level 4 of the Dungeon.
             The game lasted 00:08:46 (3632 turns).

CuBeRJAN3 the Skirmisher (Gargoyle Fighter)         Turns: 3632, Time: 00:08:47

Health: 0/30       AC: 10    Str: 20    XL:     4   Next: 83%
Magic:  4/4        EV:  8    Int:  9    God:
Gold:   71         SH:  9    Dex:  9    Spells: 3/3 levels left

rFire    . . .     SeeInvis .   a - +0 flail
rCold    . . .     Faith    .   c - +0 kite shield
rNeg     + . .     Spirit   .   t - +0 ring mail
rPois    ∞         Reflect  .   g - +0 helmet
rElec    +         Harm     .   (no cloak)
rCorr    +         Rampage  .   (no gloves)
Will     .....                  (no boots)
Stlth    ..........             (no amulet)
HPRegen  0.10/turn              p - ring of resist corrosion
MPRegen  0.09/turn              (no ring)

@: no status effects
A: sickness immunity, AC +3, negative energy resistance 1, electricity
resistance, torment resistance 1, petrification resistance
a: no special abilities


You were on level 4 of the Dungeon.
You visited 1 branch of the dungeon, and saw 4 of its levels.

You collected 167 gold pieces.
You spent 96 gold pieces at shops.

Inventory:

Hand Weapons
 a - a +0 flail (weapon)
Armour
 b - a +0 scale mail
 c - a +0 kite shield (worn)
 g - a +0 helmet (worn)
 t - a +0 ring mail (worn)
Jewellery
 p - a ring of resist corrosion (left hand)
Wands
 n - a wand of iceblast (7)
 q - a wand of mindburst (13)
 r - a wand of flame (13)
Scrolls
 e - a scroll of teleportation
 h - a scroll of identify
 j - a scroll of silence {unknown}
 m - a scroll of noise {unknown}
Potions
 d - 4 potions of might
 f - a potion of berserk rage
 i - 3 potions of curing
 k - a potion of lignification {unknown}
 l - a potion of mutation {unknown}
 o - 2 potions of heal wounds
 s - a potion of magic {unknown}


   Skills:
 * Level 4.3 Fighting
 * Level 3.0 Maces & Flails
 + Level 3.9 Armour
 + Level 3.9 Shields


You had 3 spell levels left.
You didn't know any spells.
Your spell library contained the following spells:

 Spells                   Type           Power      Damage    Failure   Level
 Inner Flame              Hex/Fire       0%         N/A       100%        3
 Cause Fear               Hex            0%         N/A       100%        4
 Discord                  Hex            0%         N/A       100%        8


Dungeon Overview and Level Annotations

Branches:
Dungeon (4/15)
 Temple: D:4-7

Altars:
Elyvilon
Makhleb
Nemelex Xobeh
Vehumet

Shops:
D:4 !

Annotations:
D:3 Robin


Innate Abilities, Weirdness & Mutations

You are immune to sickness and miasma.
Your stone body is resilient. (AC +3)
You are immune to poison.
You resist negative energy. (rN+)
You are resistant to electric shocks. (rElec)
You are resistant to unholy torment.
You are immune to petrification.


Message History

The adder is severely wounded.
You block the adder's attack.
You closely miss the adder.
The adder is severely wounded.
The adder bites you but does no damage. You block the adder's attack.
The adder bites you.
You thump the adder!
You kill the adder!
Your Maces & Flails skill increases to level 3!
You start resting.
HP restored.
A goblin comes into view. It is wielding a +0 club.
The goblin shouts!
You sock the goblin!
You kill the goblin!
An orc comes into view. It is wielding a +0 hand axe.
An orc comes into view. It is wielding a +0 whip.
The orc shouts! x2; You hear a shout! x2
Things that are here:
a +0 club; a goblin corpse An orc priest comes into view.
It is wielding a +0 flail.
Things that are here:
a +0 club; a goblin corpse You block the orc's attack.
An orc comes into view. It is wielding a +0 short sword.
The orc shouts!
The orc priest mumbles some strange prayers to Beogh against you.
Beogh smites you!
You hear a shout!
The orc closely misses you.
An orc wizard comes into view. It is wielding a +0 dagger.
The orc wizard mumbles some strange words.
The orc wizard flickers and vanishes!
Deactivating autopickup; reactivate with Ctrl-A.
A magic dart appears from out of thin air!
The magic dart hits you.
The orc priest calls down the wrath of Beogh upon you.
Beogh smites you!
Ouch! That really hurt!
You die...

#.##.#.# ########.........
#.##.#.###########.........
#.##.>...........'.........
#.##...###########.........
#.##...# #.........
#...####### #.........
#.........#####.....[...
#.........+...'.........
.......@..#####†........
##.......o.# #.........
.........o### #.........
#...........# #.........
#.#.#######.###.........
#..........o............
### #######.###########
#.#..........#.#
#.#.##o##......#


You could see an orc priest and 2 orcs.

Vanquished Creatures
  4 adders
  An ufetubus (D:4)
  3 ball pythons
  4 endoplasms
  A giant cockroach (D:1)
  11 goblins
  6 hobgoblins
  6 jackals
  9 kobolds
  2 quokkas
  5 bats
  2 frilled lizards
  6 rats
60 creatures vanquished.

Vanquished Creatures (others)
  2 fungi (D:3)
  6 plants (D:3)
8 creatures vanquished.

Grand Total: 68 creatures vanquished

Notes
Turn   | Place    | Note
-------+----------+-------------------------------------------
     0 | D:1      | CuBeRJAN3 the Gargoyle Fighter began the quest for the Orb.
     0 | D:1      | Reached XP level 1. HP: 14/14 MP: 1/1
   242 | D:1      | Reached XP level 2. HP: 19/19 MP: 2/2
  1005 | D:2      | Reached XP level 3. HP: 23/24 MP: 3/3
  1607 | D:2      | Reached skill level 4 in Fighting
  1818 | D:3      | Noticed Robin
  2106 | D:3      | Reached XP level 4. HP: 29/29 MP: 4/4
  2142 | D:3      | Found a faded altar of an unknown god.
  2177 | D:3      | Noticed Grinder
  2178 | D:3      | Found a white marble altar of Elyvilon.
  2184 | D:3      | Paralysed by Grinder for 4 turns
  2234 | D:3      | Paralysed by Grinder for 7 turns
  2451 | D:3      | Found a sparkling altar of Nemelex Xobeh.
  2661 | D:4      | Found Visi's Distillery.
  2681 | D:4      | Bought a potion of heal wounds for 60 gold pieces
  2681 | D:4      | Bought a potion of curing for 36 gold pieces
  2751 | D:4      | Found a radiant altar of Vehumet.
  3091 | D:4      | Noticed a phantom
  3390 | D:3      | Found a burning altar of Makhleb.
  3632 | D:4      | Killed from afar by an orc priest

Illustrated notes

Levels and vault maps discovered:
D:1:      ncdulo_lavacross, layout_basic, corexii_corridor_pit
D:2:      layout_loops_ring, chequers_serial_rivers_large_b, eino_curves_04,
          item_on_display_a
D:3:      layout_loops_cross, mainiacjoe_overflow_alcove_4,
          mainiacjoe_overflow_boulevard, bloody_makhleb,
          shapermc_ecumenical_altar_mp_urbaneastern, gammafunk_ghost_cemetery,
          serial_co_window_serial, co_window_paths_a, co_window_corner_a,
          co_window_corner_a, co_window_corner_a, co_window_cross_1,
          co_window_paths_a, co_window_corner_ca, co_window_broadway_b,
          co_window_2corner, co_window_corner_b, glass_columns_a,
          glass_columns_c, glass_columns_c, uniq_robin, uniq_grinder
D:4:      layout_basic, vehumet_altar_wand_db, serial_shops, shop,
          minmay_misc_feat_doors, st_stairs_13, hex_large

Skill      XL: |  1  2  3  4 |
---------------+-------------+-----
Fighting       | 4 |  4.3
Maces & Flails | 3 |  3.0
Armour         | |  3.9
Shields        | |  3.9

Action                   |  1- 3 |  4- 6 || total
-------------------------+-------+-------++-------
Melee: Flail             |    99 |    95 ||   194
  Use: Scroll            |       |     2 ||     2
Armor: Scale mail        |    62 |    50 ||   112
       Ring mail         |       |    10 ||    10
Dodge: Dodged            |    31 |    45 ||    76
Block: Kite shield       |    54 |    70 ||   124
